 Dungeon Crawl Stone Soup version 0.31-a0-844-gdc52ec4e09 (webtiles) character file.

Game seed: 6210361582381643686

1433 Kurtz the Cleaver (level 8, -1/52 HPs)
             Began as an Octopode Fighter on Sept 30, 2023.
             Was an Initiate of Gozag.
             Slain by an ice beast (13 damage)
             ... on level 5 of the Dungeon.
             The game lasted 00:04:20 (4131 turns).

Kurtz the Cleaver (Octopode Fighter)                Turns: 4131, Time: 00:04:21

Health: -1/52      AC:  1    Str: 15    XL:     8   Next: 73%
Magic:  8/8        EV: 13    Int: 11    God:    Gozag
Gold:   384        SH:  9    Dex: 13    Spells: 7/7 levels left

rFire   . . .        a - +0 war axe
rCold   . . .        b - +0 buckler
rNeg    . . .        (helmet restricted)
rPois   .            i - amulet of reflection
rElec   .            (no ring)
rCorr   .            (no ring)
SInv    .            (no ring)
Will    .....        (no ring)
Stlth   ++           (no ring)
HPRegen 0.28/turn    (no ring)
MPRegen 0.11/turn    (no ring)
                     (no ring)

%: reflection
@: gold aura
A: almost no armour, amphibious, 8 rings, camouflage 1, gelatinous body 1,
(nimble swimmer 1), tentacles
a: Renounce Religion, Potion Petition, Call Merchant, Bribe Branch


You were on level 5 of the Dungeon.
You worshipped Gozag.
Gozag was aware of your devotion.
You visited 2 branches of the dungeon, and saw 6 of its levels.
You also visited: Ossuary.

You collected 458 gold pieces.
You paid 74 gold pieces to Gozag.

Inventory:

Hand Weapons
 a - a +0 war axe (weapon)
Missiles
 h - 2 curare-tipped darts
Armour
 b - a +0 buckler (worn)
Jewellery
 i - an amulet of reflection (around mantle)
 l - an amulet of magic regeneration
 v - a ring of flight
Wands
 w - a wand of charming (5) (quivered)
 x - a wand of roots (4)
Scrolls
 c - a scroll of vulnerability {unknown}
 f - a scroll of immolation {unknown}
 g - 5 scrolls of identify {unknown}
 j - 3 scrolls of blinking {unknown}
 k - a scroll of enchant armour {unknown}
 m - 2 scrolls of enchant weapon {unknown}
 p - 5 scrolls of teleportation {unknown}
 q - 2 scrolls of amnesia {unknown}
 t - 3 scrolls of acquirement {unknown}
Potions
 d - 6 potions of curing {unknown}
 e - a potion of haste {unknown}
 n - 3 potions of mutation {unknown}
 o - a potion of brilliance {unknown}
 r - 3 potions of heal wounds {unknown}
 s - a potion of berserk rage {unknown}
 u - a potion of attraction {unknown}


   Skills:
 * Level 3.0 Fighting
 * Level 10.6 Axes
 * Level 3.0 Dodging
 + Level 0.2 Stealth
 - Level 3.0 Shields
 * Level 0.2 Evocations


You had 7 spell levels left.
You didn't know any spells.
Your spell library contained the following spells:

 Spells                   Type           Power      Damage    Failure   Level
 Foxfire                  Conj/Fire      0%         2x1d4     43%         1
 Blink                    Tloc           0%         N/A       56%         2
 Ensorcelled Hibernation  Hex/Ice        0%         N/A       56%         2
 Lesser Beckoning         Tloc           0%         N/A       56%         2
 Momentum Strike          Conj/Tloc      0%         3d8       56%         2
 Passwall                 Tmut/Erth      0%         N/A       56%         2
 Inner Flame              Hex/Fire       0%         N/A       80%         3
 Ozocubu's Armour         Ice            0%         N/A       80%         3
 Swiftness                Air            0%         N/A       80%         3
 Flame Wave               Conj/Fire      0%         2d4       99%         4
 Sticky Flame             Conj/Fire      0%         2d3       99%         4
 Plasma Beam              Fire/Air       0%         2x1d10    100%        6
 Starburst                Conj/Fire      0%         6d3       100%        6
 Ozocubu's Refrigeration  Ice            0%         4d7       100%        7


Dungeon Overview and Level Annotations

Branches:
Dungeon (5/15)             Temple (1/1) D:4         Ossuary (visited)

Altars:
Dithmenos
Fedhas
Gozag
Kikubaaqudgha
Makhleb
Nemelex Xobeh
Qazlal
Ru
Trog
Uskayaw
Yredelemnul
Zin
The Shining One

Shops:
D:5 (

Annotations:
D:2 1 runed translucent door, Crazy Yiuf


Innate Abilities, Weirdness & Mutations

You cannot wear most types of armour.
You are amphibious.
You can wear up to eight rings at the same time.
Your skin changes colour to match your surroundings (Stealth+).
Your rubbery body absorbs attacks. (AC +1, EV +1)
((You are camouflaged when in or above water. (Stealth+)))
You have tentacles for arms and can constrict up to eight enemies at once.


Message History

Found a stone staircase leading up.
Things that are here:
5 gold pieces; a +2 dagger of venom; a +0 ring mail The orc priest barely misses you.
You hit the orc priest but do no damage.
You grab the orc priest. You squeeze the orc priest!
The orc priest is heavily wounded.
You constrict the orc priest.
The orc priest hits you with a +0 flail.
You hit the orc priest but do no damage.
You squeeze the orc priest.
The orc priest is severely wounded.
You constrict the orc priest, but do no damage.
The orc priest looks satisfied for a moment.
You hit the orc priest but do no damage.
The orc priest is severely wounded.
You hit the ice beast.
You constrict the orc priest, but do no damage.
The ice beast barely misses you.
The orc priest invokes the aid of Beogh against you.
Beogh smites you! The orc priest closely misses you.
The orc priest calls down the wrath of Beogh upon you.
Beogh smites you!
You hit the orc priest.
The orc priest is almost dead.
You closely miss the ice beast. You constrict the orc priest.
You kill the orc priest!
The ice beast is distracted by your dazzling golden aura.
You slash the orc!
You kill the orc!
You barely miss the ice beast.
The ice beast is no longer distracted by gold.
The orc priest mumbles some strange prayers to Beogh against you.
Beogh smites you!
* * * LOW HITPOINT WARNING * * *
The ice beast hits you.
* * * LOW HITPOINT WARNING * * *
The ice beast freezes you!
You die...
Your body crumbles into a pile of gold.

#.........(...#.####.#
########.#.#########.#.......
.............................
########.#.#########.########
#.#.# #.# #.#.####### #.#
#.......... #.#
######.#######.#.#
#......Y@$o.o....#
#.###.∩#######<### ##.# #Y#
..# ###


You could see an ice beast and 2 orc priests.

Vanquished Creatures
  Sigmund (D:2)
  Menkaure (D:4)
  A phantom (D:4)
  3 elf zombies (Ossuary)
  A scorpion (D:4)
  6 centaur zombies (Ossuary)
  3 human zombies (Ossuary)
  A hound (D:4)
  2 orc priests
  A sleepcap (D:5)
  Ijyb (D:4)
  An iguana (D:4)
  Natasha (thrice) (D:3)
  3 mummies (Ossuary)
  Robin (D:4)
  11 adders
  2 worms (D:2)
  3 dart slugs
  8 orcs
  18 ball pythons
  7 bats
  6 endoplasms
  3 giant cockroaches
  9 hobgoblins
  6 jackals
  7 kobolds
  4 quokkas
  4 frilled lizards
  19 goblins
  5 rats
141 creatures vanquished.

Notes
Turn   | Place    | Note
-------+----------+-------------------------------------------
     0 | D:1      | Kurtz the Octopode Fighter began the quest for the Orb.
     0 | D:1      | Reached XP level 1. HP: 16/16 MP: 1/1
   142 | D:1      | Reached XP level 2. HP: 21/21 MP: 2/2
   190 | D:1      | Reached skill level 3 in Axes
   329 | D:1      | Reached XP level 3. HP: 21/26 MP: 3/3
   803 | D:2      | Reached skill level 4 in Axes
   827 | D:2      | Reached XP level 4. HP: 19/31 MP: 4/4
   930 | D:2      | Noticed Sigmund
   939 | D:2      | Killed Sigmund
   940 | D:2      | Reached skill level 6 in Axes
   940 | D:2      | Reached XP level 5. HP: 36/36 MP: 5/5
   940 | D:2      | Reached XP level 6. HP: 42/42 MP: 6/6
   994 | D:2      | Found a runed translucent door.
   995 | D:2      | Noticed Crazy Yiuf
  2041 | D:3      | Noticed Natasha
  2051 | D:3      | Killed Natasha
  2477 | D:3      | Noticed Natasha
  2482 | D:3      | Killed Natasha
  2559 | D:3      | Noticed Natasha
  2598 | D:3      | Killed Natasha
  2599 | D:3      | Reached skill level 7 in Axes
  2651 | D:4      | Found a staircase to the Ecumenical Temple.
  2651 | D:4      | Noticed Robin
  2689 | D:4      | Found a sand-covered staircase.
  2694 | Ossuary  | Entered an ossuary
  2707 | Ossuary  | Reached XP level 7. HP: 34/46 MP: 7/7
  2724 | Ossuary  | Reached skill level 8 in Axes
  2947 | Ossuary  | Reached skill level 9 in Axes
  2947 | Ossuary  | Reached XP level 8. HP: 45/52 MP: 8/8
  3140 | D:4      | Killed Robin
  3144 | Temple   | Entered the Ecumenical Temple
  3163 | Temple   | Became a worshipper of Gozag Ym Sagoz the Greedy
  3286 | D:4      | Noticed Menkaure
  3294 | D:4      | Killed Menkaure
  3298 | D:4      | Noticed Ijyb
  3302 | D:4      | Reached skill level 10 in Axes
  3315 | D:4      | Killed Ijyb
  3990 | D:5      | Entered Level 5 of the Dungeon
  4122 | D:5      | Found Olutipt's Antique Weapon Shop.
  4131 | D:5      | Slain by an ice beast

Illustrated notes

Levels and vault maps discovered:
D:1:      dpeg_arrival_stonehenge_8_columns, layout_loops_cross,
          minmay_octomino_c4
D:2:      layout_basic, uniq_crazy_yiuf_cottage, uniq_sigmund
D:3:      layout_basic, serial_corexii_hall, chequers_hall_statues_corner_a,
          corexii_hall_statues_deadend, corexii_hall_statues_s,
          chequers_hall_statues_wall_a, chequers_hall_statues_corner_a,
          chequers_hall_statues_corner_a, uniq_natasha
D:4:      layout_basic, minmay_temple_entry_hall, nicolae_ossuary_entry_ruins,
          grunt_decor_mini_mirrors, minmay_bent, uniq_ijyb, uniq_robin,
          uniq_menkaure
D:5:      layout_basic, nicolae_hepliaklqana_monster_ancestors,
          nicolae_overflow_macrodata_refinement, serial_shops, shop, shop
Temple:   oiseaux_autumnal_temple

Skill      XL: |  1  2  3  4  5  6  7  8 |
---------------+-------------------------+-----
Axes           | 3 4 6 7 9 10 | 10.6
Fighting       | |  3.0
Dodging        | |  3.0
Stealth        | |  0.2
Shields        | |  3.0
Evocations     | |  0.2

Action                     |  1- 3 |  4- 6 |  7- 9 || total
---------------------------+-------+-------+-------++-------
  Melee: War axe           |    59 |    83 |   138 ||   280
         Constrict         |    11 |    14 |    22 ||    47
         Tentacles         |     9 |    19 |    42 ||    70
         Punch             |       |       |     4 ||     4
    Use: Potion            |       |     1 |       ||     1
   Stab: Sleeping          |     6 |    12 |     4 ||    22
         Distracted        |       |     1 |       ||     1
 Armour: Skin              |    16 |    28 |    59 ||   103
  Dodge: Dodged            |    26 |    26 |    64 ||   116
  Block: Buckler           |     9 |    33 |    46 ||    88

Table legend: (Time is in decaauts)
 A = Elapsed time spent in this place.
 B = Non-inter-level travel time spent in this place.
 C = Inter-level travel time spent in this place.
 D = Time resting spent in this place.
 E = Time spent auto-exploring this place.
 F = Levels seen in this place.
 G = Mean time per level.
                   A        B        C        D        E       F      G
               +--------+--------+--------+--------+--------+-----+--------+
         Total |   4180 |   4014 |    166 |    318 |   2851 |   7 |  597.1 |
       Dungeon |   3720 |   3591 |    129 |     89 |   2792 |   5 |  744.0 |
        Temple |     66 |     29 |     37 |     28 |      0 |   1 |   66.0 |
       Ossuary |    393 |    393 |      0 |    201 |     59 |   1 |  393.0 |
               +--------+--------+--------+--------+--------+-----+--------+

Top non-repeatable levels by time:
     D:3: 1317 daAuts
     D:4: 919 daAuts
     D:2: 694 daAuts
     D:1: 648 daAuts
 Ossuary: 393 daAuts
     D:5: 141 daAuts
  Temple: 66 daAuts
